 Seeded DCSS version 0.29-a0-22-gbf593b16ee (webtiles) character file.

Game seed: 10000000011 (custom seed)

9 knot the Skirmisher (level 2, 0/36 HPs)
             Began as a Demonspawn Berserker on Jan 30, 2022.
             Was a Follower of Trog.
             Slain by a kobold (1 damage)
             ... on level 1 of the Dungeon.
             The game lasted 00:00:19 (293 turns).

knot the Skirmisher (Demonspawn Berserker)           Turns: 293, Time: 00:00:19

Health: 0/36       AC:  2    Str: 17    XL:     2   Next: 6%
Magic:  2/2        EV: 12    Int:  8    God:    Trog [*.....]
Gold:   16         SH:  0    Dex: 12    Spells: 1/1 levels left

rFire   . . .      SeeInvis .   a - +0 hand axe
rCold   . . .      Faith    .   (no shield)
rNeg    . . .      Spirit   .   b - +0 animal skin
rPois   .          Reflect  .   (no helmet)
rElec   .          Harm     .   (no cloak)
rCorr   .          Rampage  .   (no gloves)
Will    .....                   (no boots)
Stlth   ..........              (no amulet)
HPRegen 0.12/turn               (no ring)
MPRegen 0.08/turn               (no ring)

@: berserking, very quick
A: powered by death 1
a: Renounce Religion, Berserk


You were on level 1 of the Dungeon.
You worshipped Trog.
Trog was aware of your devotion.
You visited 1 branch of the dungeon, and saw 1 of its levels.

You collected 16 gold pieces.

Inventory:

Hand Weapons
 a - a +0 hand axe (weapon)
Missiles
 e - 17 arrows
Armour
 b - a +0 animal skin (worn)
Jewellery
 d - a +4 ring of protection
Potions
 c - a potion of resistance {unknown}


   Skills:
 + Level 3.1 Fighting
 + Level 2.8 Axes
 + Level 2.0 Armour
 + Level 2.0 Dodging


You had one spell level left.
You didn't know any spells.
Your spell library was empty.

Dungeon Overview and Level Annotations

Branches:
Dungeon (1/15)

Altars:


Innate Abilities, Weirdness & Mutations

You regenerate a little health from kills.


Message History

Trog accepts your kill.
No target in view!
No target in view!
You now have 16 gold pieces (gained 11).
A kobold comes into view. It is wielding a +2 whip of freezing.
The kobold shouts!
A kobold is nearby!
A kobold is nearby!
You hit the kobold but do no damage.
The kobold hits you with a +2 whip of freezing.
The kobold freezes you.
You barely miss the kobold.
The kobold hits you with a +2 whip of freezing.
The kobold freezes you.
The kobold hits you with a +2 whip of freezing.
The kobold freezes you.
You hit the kobold.
The kobold is moderately wounded.
The kobold barely misses you.
A red film seems to cover your vision as you go berserk!
You feel yourself moving faster!
You feel mighty! The kobold closely misses you.
You barely miss the kobold.
The kobold is moderately wounded.
The kobold hits you with a +2 whip of freezing.
The kobold freezes you.
You closely miss the kobold. You closely miss the kobold.
The kobold hits you with a +2 whip of freezing.
The kobold freezes you.
You closely miss the kobold.
The kobold hits you with a +2 whip of freezing.
* * * LOW HITPOINT WARNING * * *
The kobold freezes you.
* * * LOW HITPOINT WARNING * * *
You closely miss the kobold.
The kobold hits you with a +2 whip of freezing.
* * * LOW HITPOINT WARNING * * *
The kobold freezes you.
You die...

##.##
##.#..##.#
#.##
##...##.#####
##.##
##.#####.....#
##.###.##
###.###.#
##.#.## #≈#.#
##.## ##≈#.###
#.# #.≈....#
#.. #.≈..#.#
#### #.≈.##@#
##≈###K# #≈
#.# #≈ ..# ##
###


You could see a kobold.

Vanquished Creatures
  2 ball pythons (D:1)
  3 hobgoblins (D:1)
  2 bats (D:1)
  A frilled lizard (D:1)
  A rat (D:1)
9 creatures vanquished.

Notes
Turn   | Place    | Note
-------+----------+-------------------------------------------
     0 | D:1      | knot the Demonspawn Berserker began the quest for the Orb.
     0 | D:1      | Reached XP level 1. HP: 18/18 MP: 1/1
   187 | D:1      | Gained mutation: You regenerate a little health from kills.
                  | [demonic ancestry]
   187 | D:1      | Reached XP level 2. HP: 21/24 MP: 2/2
   293 | D:1      | HP: 1/36 [kobold (6)]
   293 | D:1      | Slain by a kobold

Illustrated notes

Levels and vault maps discovered:
D:1:      shiori_arrival_oz, layout_loops_ring, chequers_serial_rivers_micro_a,
          roderic_roman_lattice

Skill      XL: |  1 |
---------------+----+-----
Armour         | 2 |  2.0
Dodging        | 2 |  2.0
Fighting       | |  3.1
Axes           | |  2.8

Action                   || total
-------------------------++-------
Melee: Hand axe          ||    26
Invok: Berserk           ||     1
Armor: Animal skin       ||     4
Dodge: Dodged            ||    22

Table legend: (Time is in decaauts)
 A = Elapsed time spent in this place.
 B = Non-inter-level travel time spent in this place.
 C = Inter-level travel time spent in this place.
 D = Time resting spent in this place.
 E = Time spent auto-exploring this place.
 F = Levels seen in this place.
 G = Mean time per level.
                   A        B        C        D        E       F      G
               +--------+--------+--------+--------+--------+-----+--------+
         Total |    295 |    295 |      0 |      0 |    227 |   1 |  295.0 |
       Dungeon |    295 |    295 |      0 |      0 |    227 |   1 |  295.0 |
               +--------+--------+--------+--------+--------+-----+--------+

Top non-repeatable levels by time:
     D:1: 295 daAuts
